 Dungeon Crawl Stone Soup version 0.30.1-4-g462c640d31 (webtiles) character file.

Game seed: 12067632702389498926

69810 Ishowmeat the Executioner (level 14, 0/130 (133) HPs)
             Began as a Minotaur Gladiator on Aug 24, 2023.
             Was the Champion of Okawaru.
             Slain by a salamander
             ... wielding a +3 trident
              (3 damage)
             ... on level 1 of the Depths on Aug 29, 2023.
             The game lasted 01:23:40 (20953 turns).

Ishowmeat the Executioner (Minotaur Gladiator)     Turns: 20953, Time: 01:23:41

HP:   0/130 (133)   AC: 35    Str: 25    XL:     14   Next: 91%
MP:   22/22         EV: 11    Int: 20    God:    Okawaru [******]
Gold: 1195          SH:  0    Dex: 18    Spells: 13/13 levels left

rFire   + + .        i - +8 executioner's axe of Gluttony {spect, rC+}
rCold   + . .        (shield currently unavailable)
rNeg    . . .        l - +9 plate armour "Woskun" {Rampage}
rPois   .            s - +2 hat "Itete" {Int+4}
rElec   +            m - +2 cloak {rCorr}
rCorr   +            g - +1 pair of gloves of a Labyrinth {rF+ Will+ MP+9}
SInv    .            r - +0 pair of boots
Will    ++...        I - amulet of magic regeneration Stlth
                     B - ring of Poefut {rF+ Str-2 Int+8 Dex+6 Slay-6}
HPRegen 0.41/turn    G - ring of Regeil {rElec Str+3 Int+3 Slay+4}
MPRegen 0.58/turn

%: rampage
@: lightly drained
A: horns 2, retaliatory headbutt, subdued magic 1
a: Renounce Religion, Heroism, Finesse, Duel


You were on level 1 of the Depths.
You worshipped Okawaru.
Okawaru was exalted by your worship.
You visited 3 branches of the dungeon, and saw 17 of its levels.

You collected 1195 gold pieces.

Inventory:

Hand Weapons
 i - the +8 executioner's axe of Gluttony (weapon) {spect, rC+}
   (You acquired it on level 7 of the Dungeon)

   rC:        It protects you from cold.
 p - the +0 quarterstaff of the Postmodern Eyes {protect, Fly Str-4 Dex+3}
   (You took it off a centaur warrior on level 14 of the Dungeon)

   Str:       It affects your strength (-4).
   Dex:       It affects your dexterity (+3).
   Fly:       It grants you flight.
 D - a +4 sling of flaming
Missiles
 d - 4 throwing nets
 f - 36 poisoned darts
 o - 96 stones (quivered)
 K - 6 curare-tipped darts
 Q - a javelin
Armour
 b - a +5 plate armour
 c - a +2 pair of gloves of hurling
 e - the +0 plate armour of Elyvilon's Castigation {Stlth+}
   (You found it on level 13 of the Dungeon)

   Stlth:     It makes you more stealthy.
 g - the +1 pair of gloves of a Labyrinth (worn) {rF+ Will+ MP+9}
   (You found it on level 15 of the Dungeon)

   rF:        It protects you from fire.
   MP:        It affects your magic capacity (+9).
   Will:      It increases your willpower.
 l - the +9 plate armour "Woskun" (worn) {Rampage}
   (Okawaru gifted it to you on level 15 of the Dungeon)

   Rampage:   It bestows one free step when moving towards enemies.
 m - a +2 cloak of preservation (worn)
 r - a +0 pair of boots (worn)
 s - the +2 hat "Itete" (worn) {Int+4}
   (You acquired it on level 12 of the Dungeon)

   Int:       It affects your intelligence (+4).
 t - a +1 buckler of cold resistance
 u - a +1 kite shield of protection
 W - the +1 ring mail of Philately {Rampage rCorr Slay+6}
   (You found it on level 10 of the Dungeon)

   Slay:      It affects your accuracy & damage with ranged weapons and melee
   (+6).
   rCorr:     It protects you from acid and corrosion.
   Rampage:   It bestows one free step when moving towards enemies.
Jewellery
 a - a +4 ring of slaying
 k - a +6 ring of dexterity
 n - a +6 ring of dexterity
 q - a +5 ring of evasion
 A - a ring of resist corrosion
 B - the ring of Poefut (left hand) {rF+ Str-2 Int+8 Dex+6 Slay-6}
   (You found it on level 14 of the Dungeon)

   [ring of dexterity]

   Str:       It affects your strength (-2).
   Int:       It affects your intelligence (+8).
   Dex:       It affects your dexterity (+6).
   Slay:      It affects your accuracy & damage with ranged weapons and melee
   (-6).
   rF:        It protects you from fire.
 G - the ring of Regeil (right hand) {rElec Str+3 Int+3 Slay+4}
   (You found it on level 15 of the Dungeon)

   [ring of slaying]

   Str:       It affects your strength (+3).
   Int:       It affects your intelligence (+3).
   Slay:      It affects your accuracy & damage with ranged weapons and melee
   (+4).
   rElec:     It insulates you from electricity.
 I - an amulet of magic regeneration (around neck)
 O - a +5 ring of evasion
 U - a ring of poison resistance
Wands
 x - a wand of paralysis (12)
 y - a wand of flame (6)
 L - a wand of polymorph (3)
 V - a wand of roots (3)
Scrolls
 h - 2 scrolls of magic mapping
 v - a scroll of teleportation
 w - 4 scrolls of blinking
 F - a scroll of vulnerability
 N - a scroll of fog
 P - 2 scrolls of enchant weapon
Potions
 j - a potion of brilliance
 z - 5 potions of mutation
 C - 6 potions of haste
 H - 3 potions of curing
 J - a potion of might {unknown}
 M - a potion of cancellation {unknown}
 R - a potion of resistance {unknown}
 S - a potion of magic {unknown}
 T - a potion of berserk rage
 X - a potion of flight {unknown}
 Y - a potion of lignification
Miscellaneous
 Z - a piece from Xom's chessboard (15/15)


   Skills:
 + Level 14.4 Fighting
 + Level 21.2(21.6) Axes
 + Level 7.5(15.6) Polearms
 + Level 0.6 Ranged Weapons
 + Level 2.7 Throwing
 + Level 14.5 Armour
 + Level 5.8 Dodging
 + Level 3.5 Stealth
 + Level 4.2 Evocations


You had 13 spell levels left.
You didn't know any spells.
Your spell library contained the following spells:

 Spells                   Type           Power      Damage    Failure   Level
 Beastly Appendage        Tmut           0%         N/A       78%         1
 Blink                    Tloc           0%         N/A       89%         2
 Lesser Beckoning         Tloc           0%         N/A       89%         2
 Momentum Strike          Conj/Tloc      0%         3d8       89%         2
 Poisonous Vapours        Pois/Air       0%         N/A       89%         2
 Sublimation of Blood     Necr           0%         N/A       89%         2
 Wereblood                Tmut           0%         N/A       89%         2
 Mephitic Cloud           Conj/Pois/Air  0%         N/A       99%         3
 Ozocubu's Armour         Ice            0%         N/A       99%         3
 Spider Form              Tmut/Pois      0%         N/A       99%         3
 Freezing Cloud           Conj/Ice/Air   0%         6-21      100%        5
 Ozocubu's Refrigeration  Ice            0%         4d7       100%        7
 Summon Hydra             Summ           Unusable   N/A       N/A         7

Dungeon Overview and Level Annotations

Branches:
Dungeon (15/15)            Temple (1/1) D:6            Lair (0/5) D:8
    Orc (0/2) D:10         Vaults (0/5) D:14         Depths (1/4) D:15

Altars:
Ashenzari
Cheibriados
Dithmenos
Elyvilon
Fedhas
Gozag
Hepliaklqana
Kikubaaqudgha
Makhleb
Nemelex Xobeh
Okawaru
Qazlal
Ru
Sif Muna
Trog
Uskayaw
Vehumet
Wu Jian
Xom
Yredelemnul
Zin
The Shining One

Shops:
D:5 :   D:6 *

Annotations:
D:9 3 runed translucent doors, bronco's ghost, novice DrTm
D:14 5 runed translucent doors
D:15 Maloq's ghost, journeyman GrEE


Innate Abilities, Weirdness & Mutations

You have a pair of horns on your head.
You reflexively headbutt those who attack you in melee.
Your spells are a little easier to cast, but a little less powerful.


Message History

You hear an angry squeal.
The salamander mystic casts a spell at you.
The bolt of magma misses you.
The soul eater hits you but does no damage.
You slash the soul eater! Your headbutt misses the soul eater.
The soul eater is lightly wounded.
Your +8 executioner's axe of Gluttony {spect, rC+} misses the soul eater.
Your +8 executioner's axe of Gluttony {spect, rC+} hits the salamander mystic but does no damage.
The soul eater hits you but does no damage.
The salamander mystic hits your +8 executioner's axe of Gluttony {spect, rC+} but does no damage.
You barely miss the soul eater.
The soul eater is lightly wounded.
Your +8 executioner's axe of Gluttony {spect, rC+} misses the soul eater.
Your +8 executioner's axe of Gluttony {spect, rC+} hits the salamander mystic.
The soul eater hits you!
* * * LOW HITPOINT WARNING * * *
You feel drained.
* * * LOW HITPOINT WARNING * * *
You slice the soul eater!! Your headbutt misses the soul eater.
The soul eater is heavily wounded.
Your +8 executioner's axe of Gluttony {spect, rC+} barely misses the soul eater.
Your +8 executioner's axe of Gluttony {spect, rC+} hits the salamander!!
Your +8 executioner's axe of Gluttony {spect, rC+} barely misses the salamander mystic.
The salamander mystic misses your +8 executioner's axe of Gluttony {spect, rC+}.
The salamander hits you from afar with a +3 trident!
* * * LOW HITPOINT WARNING * * *
You are engulfed in flames.
You resist.
* * * LOW HITPOINT WARNING * * *
The soul eater hits you!
* * * LOW HITPOINT WARNING * * *
The salamander misses your +8 executioner's axe of Gluttony {spect, rC+}.
You slice the soul eater!!
The soul eater is severely wounded.
Your +8 executioner's axe of Gluttony {spect, rC+} hits the soul eater but does no damage.
Your +8 executioner's axe of Gluttony {spect, rC+} hits the salamander mystic!!
Your +8 executioner's axe of Gluttony {spect, rC+} hits the salamander!!
The salamander hits you from afar with a +3 trident!
* * * LOW HITPOINT WARNING * * *
You are engulfed in flames.
You resist.
You die...

§§≈######....§≈≈
≈≈≈≈.[.....N..≈§
§§≈........N.§≈
§≈.....≈§§...≈≈
#....≈§≈§...^.
#..§.§§§≈.....
#N#N§≈≈......
#.(#N........
##@3D......#.
###.#.......
#.....###
#######


You could see an ice dragon, a salamander mystic (distracted), 3 salamanders, a
soul eater and a friendly +8 executioner's axe of Gluttony {spect, rC+}.

Vanquished Creatures
  A balrug (D:13)
  A cacodemon (D:13)
  A vampire knight (Depths:1)
  An ettin (D:14)
  2 green deaths (D:13)
  5 fire dragons
  A rakshasa (Depths:1)
  2 ice dragons (Depths:1)
  Erolcha (D:9)
  An ogre mage (D:15)
  4 centaur warriors
  2 catoblepae (D:15)
  7 two-headed ogres
  3 boulder beetles
  3 death yaks (D:8)
  5 tengu warriors
  A soul eater (Depths:1)
  Amaemon (D:8)
  4 sun demons (Depths:1)
  12 skeletal warriors
  2 orc knights (D:15)
  2 wizards
  Pikel (D:7)
  7 deep elf pyromancers
  20 ugly things
  5 cyclopes
  5 manticores
  A salamander (Depths:1)
  A rust devil (D:13)
  5 smoke demons
  2 gargoyles
  An orange demon (D:8)
  4 kobold demonologists
  Psyche (D:9)
  A komodo dragon (D:11)
  2 yaktaurs (D:15)
  5 efreet
  An unseen horror (D:12)
  An ice devil (D:13)
  2 red devils (D:13)
  6 trolls
  A hellwing (D:13)
  2 polar bears (D:11)
  A hornet (D:7)
  5 slime creatures (D:12)
  4 shadows
  A wyvern (D:8)
  3 wraiths
  2 yaks (D:8)
  Grum (D:9)
  A steam dragon (D:6)
  Menkaure (D:5)
  17 vampire mosquitoes
  3 acid dragons
  2 water moccasins
  2 sky beasts
  An ice beast (D:7)
  2 orc warriors
  2 black bears
  3 wolves (D:9)
  An ogre (D:15)
  6 boggarts (D:15)
  7 centaurs
  A lemure (D:7)
  A phantom (D:10)
  5 kobold brigands
  A bullfrog (D:7)
  A gnoll sergeant (D:9)
  2 scorpions (D:5)
  15 wights
  2 troll zombies (D:10)
  23 killer bees
  2 howler monkeys
  A jelly (D:7)
  4 orc priests
  3 iguanas
  8 orc wizards
  4 ogre zombies (D:10)
  A boggart simulacrum (D:14)
  5 gnolls (D:9)
  4 adders
  A shadow imp (D:7)
  4 white imps
  2 ufetubi
  2 worms
  2 dart slugs
  31 orcs
  7 ball pythons
  4 bats
  2 endoplasms (D:3)
  5 giant cockroaches
  3 goblins
  4 hobgoblins
  7 jackals
  19 kobolds
  4 quokkas
  3 frilled lizards
  A goblin skeleton (D:10)
  2 goblin zombies (D:10)
  3 hobgoblin skeletons (D:10)
  2 hobgoblin zombies (D:10)
  3 orc skeletons (D:10)
  8 orc zombies (D:10)
  2 rats
405 creatures vanquished.

Vanquished Creatures (others)
  An eldritch tentacle (D:15)
  A slime creature (D:15)
  7 spectral weapons
9 creatures vanquished.

Grand Total: 414 creatures vanquished

Notes
Turn   | Place    | Note
-------+----------+-------------------------------------------
     0 | D:1      | Ishowmeat the Minotaur Gladiator began the quest for the
                  | Orb.
     0 | D:1      | Reached XP level 1. HP: 18/18 MP: 0/0
   104 | D:1      | Reached XP level 2. HP: 25/25 MP: 1/1
   168 | D:1      | Reached skill level 4 in Axes
   805 | D:2      | Reached XP level 3. HP: 29/30 MP: 2/2
  1027 | D:2      | Found a snail-covered altar of Cheibriados.
  1099 | D:2      | Reached skill level 1 in Armour
  1157 | D:2      | Found a faded altar of an unknown god.
  1882 | D:3      | Reached XP level 4. HP: 37/37 MP: 3/3
  1921 | D:3      | Reached skill level 5 in Axes
  2284 | D:4      | You fall into a shaft and drop 2 floors!
  2333 | D:5      | Entered Level 5 of the Dungeon
  2383 | D:5      | Noticed Menkaure
  2390 | D:5      | Killed Menkaure
  2391 | D:5      | Reached skill level 6 in Axes
  2391 | D:5      | Reached XP level 5. HP: 37/45 MP: 4/4
  2436 | D:5      | Reached XP level 6. HP: 44/51 MP: 5/5
  2529 | D:5      | Found Cevus's Book Shop.
  2673 | D:5      | Reached skill level 1 in Polearms
  2745 | D:5      | Reached XP level 7. HP: 46/58 MP: 6/6
  2792 | D:5      | Reached skill level 1 in Evocations
  2917 | D:5      | Reached skill level 7 in Axes
  3289 | D:6      | Found a staircase to the Ecumenical Temple.
  3299 | D:6      | Found Tetof's Overcharged Wands.
  3315 | Temple   | Entered the Ecumenical Temple
  3344 | Temple   | Became a worshipper of Warmaster Okawaru
  3696 | D:6      | Reached skill level 5 in Armour
  3756 | D:6      | Reached skill level 5 in Polearms
  3756 | D:6      | Reached XP level 8. HP: 67/67 MP: 7/7
  3760 | D:6      | Reached * piety under Okawaru
  3999 | D:6      | Reached skill level 1 in Stealth
  4192 | D:7      | Noticed a hornet
  4194 | D:7      | Paralysed by a hornet for 1 turns
  4199 | D:7      | Reached skill level 5 in Fighting
  4199 | D:7      | Killed a hornet
  4451 | D:7      | Reached ** piety under Okawaru
  4595 | D:7      | Reached skill level 8 in Axes
  4595 | D:7      | Reached XP level 9. HP: 75/75 MP: 8/8
  4901 | D:7      | Noticed Pikel
  4908 | D:7      | Killed Pikel
  4908 | D:7      | Reached *** piety under Okawaru
  4909 | D:7      | Reached skill level 9 in Axes
  4919 | D:7      | Identified a scroll of acquirement
  4919 | D:7      | Acquired the +8 executioner's axe of Gluttony {spect, rC+}
  5524 | D:8      | Reached skill level 5 in Dodging
  5525 | D:8      | Reached skill level 10 in Axes
  5550 | D:8      | Noticed a kobold demonologist
  5552 | D:8      | Noticed a manticore
  5565 | D:8      | Killed a kobold demonologist
  5567 | D:8      | Reached **** piety under Okawaru
  5803 | D:8      | Reached skill level 11 in Axes
  5828 | D:8      | Reached XP level 10. HP: 86/86 MP: 9/9
  5841 | D:8      | Killed a manticore
  6369 | D:8      | Identified the +7 short sword of Day {vamp, Contam MP+9
                  | Str-5 Dex+5}
  6387 | D:8      | Noticed a death yak
  6388 | D:8      | Noticed a death yak
  6389 | D:8      | Noticed a death yak
  6399 | D:8      | Killed a death yak
  6399 | D:8      | Reached ***** piety under Okawaru
  6406 | D:8      | Killed a death yak
  6407 | D:8      | Reached skill level 12 in Axes
  6414 | D:8      | Killed a death yak
  6565 | D:8      | Found a staircase to the Lair.
  6577 | D:8      | Received a gift from Okawaru
  6956 | D:8      | Noticed Amaemon
  6962 | D:8      | Reached skill level 13 in Axes
  6977 | D:8      | Killed Amaemon
  6977 | D:8      | Noticed an orange demon
  6978 | D:8      | Reached XP level 11. HP: 71/97 MP: 10/10
  7856 | D:9      | Noticed Erolcha
  7862 | D:9      | Killed Erolcha
  7862 | D:9      | Reached ****** piety under Okawaru
  7886 | D:9      | Noticed Grum
  7893 | D:9      | Killed Grum
  7963 | D:9      | Found a runed translucent gate.
  7963 | D:9      | Found a runed translucent gate.
  7963 | D:9      | Noticed a ten-headed hydra
  7963 | D:9      | Noticed bronco's ghost (novice DrTm)
  7963 | D:9      | Noticed a ten-headed hydra
  7964 | D:9      | Found a runed translucent gate.
  8156 | D:9      | Found a flagged portal.
  8235 | D:9      | Found a hazy altar of Hepliaklqana.
  8345 | D:9      | Noticed Psyche
  8357 | D:9      | Killed Psyche
  8357 | D:9      | Received a gift from Okawaru
  8358 | D:9      | Reached skill level 14 in Axes
  8432 | D:9      | Found a white marble altar of Elyvilon.
  8978 | D:10     | Entered Level 10 of the Dungeon
  8978 | D:10     | Noticed a boulder beetle
  8991 | D:10     | Killed a boulder beetle
  9041 | D:10     | Found a blossoming altar of Fedhas.
  9176 | D:10     | Found a staircase to the Orcish Mines.
  9337 | D:10     | Reached skill level 10 in Fighting
  9620 | D:10     | Found a sacrificial altar of Ru.
  9649 | D:10     | Found a sparkling altar of Nemelex Xobeh.
  9846 | D:10     | Identified the +1 ring mail of Philately {Rampage rCorr
                  | Slay+6}
 10163 | D:11     | Reached skill level 15 in Axes
 10289 | D:11     | Found a bloodstained altar of Trog.
 10431 | D:11     | Noticed a centaur warrior
 10440 | D:11     | Killed a centaur warrior
 10440 | D:11     | Received a gift from Okawaru
 11430 | D:12     | Noticed a boulder beetle
 11441 | D:12     | Killed a boulder beetle
 11442 | D:12     | Reached XP level 12. HP: 107/108 MP: 11/11
 11599 | D:12     | Received a gift from Okawaru
 11600 | D:12     | Reached skill level 16 in Axes
 11903 | D:12     | Reached skill level 10 in Armour
 12254 | D:12     | Acquired the +2 hat "Itete" {Int+4}
 12673 | D:13     | Received a gift from Okawaru
 12678 | D:13     | Reached skill level 17 in Axes
 12908 | D:13     | Noticed a centaur warrior
 12913 | D:13     | Noticed a two-headed ogre
 12916 | D:13     | Killed a centaur warrior
 12921 | D:13     | Killed a two-headed ogre
 13245 | D:13     | Found a hide-covered altar of Uskayaw.
 13390 | D:13     | Noticed a balrug
 13394 | D:13     | Noticed a cacodemon
 13400 | D:13     | Killed a balrug
 13401 | D:13     | Gained mutation: Your spells are a little easier to cast,
                  | but a little less powerful. [a cacodemon]
 13404 | D:13     | Killed a cacodemon
 13405 | D:13     | Reached XP level 13. HP: 44/118 MP: 12/12
 13512 | D:13     | Found a burning altar of Makhleb.
 13613 | D:13     | Reached skill level 18 in Axes
 13674 | D:13     | Noticed a green death
 13718 | D:13     | Noticed a green death
 13728 | D:13     | Killed a green death
 13834 | D:13     | Killed a green death
 14662 | D:13     | Received a gift from Okawaru
 14888 | D:13     | Identified the +0 plate armour of Elyvilon's Castigation
                  | {Stlth+}
 14981 | D:13     | Identified the staff of earth "Imux" {Fly rC+}
 17455 | D:14     | Found the +9 staff of Olgreb {rPois∞}
 17472 | D:14     | Found a runed translucent door.
 17503 | D:14     | Found a runed translucent gate.
 17503 | D:14     | Found a runed translucent gate.
 17504 | D:14     | Found a runed translucent door.
 17529 | D:14     | Found a runed translucent gate.
 17531 | D:14     | Noticed an emperor scorpion
 17531 | D:14     | Noticed an emperor scorpion
 17531 | D:14     | Noticed an emperor scorpion
 17531 | D:14     | Noticed an emperor scorpion
 17531 | D:14     | Noticed an emperor scorpion
 17611 | D:14     | Noticed a fire dragon
 17611 | D:14     | Noticed an ettin
 17627 | D:14     | Killed an ettin
 17629 | D:14     | Killed a fire dragon
 17926 | D:14     | Identified the +0 quarterstaff of the Postmodern Eyes
                  | {protect, Fly Str-4 Dex+3}
 17935 | D:14     | Received a gift from Okawaru
 17945 | D:14     | Reached skill level 19 in Axes
 18202 | D:14     | Found a gate to the Vaults.
 18212 | D:14     | Identified the ring of Poefut {rF+ Str-2 Int+8 Dex+6
                  | Slay-6}
 18472 | D:15     | Entered Level 15 of the Dungeon
 18624 | D:15     | Identified the +0 troll leather armour "Trusted Companion"
                  | {Regen+ Str+5 Int-2} (Okawaru gifted it to you on level 15
                  | of the Dungeon)
 18624 | D:15     | Received a gift from Okawaru
 18628 | D:15     | Reached XP level 14. HP: 92/129 MP: 13/13
 19273 | D:15     | Reached skill level 20 in Axes
 19614 | D:15     | Identified the +2 long sword "Asaull" {elec, +Blink Dex+3}
 19634 | D:15     | Found a staircase to the Depths.
 19879 | D:15     | Found a runed translucent gate.
 19879 | D:15     | Found a runed translucent gate.
 19879 | D:15     | Found a runed translucent gate.
 19882 | D:15     | Noticed Maloq's ghost (journeyman GrEE)
 20149 | D:15     | Identified the +9 plate armour "Woskun" {Rampage} (Okawaru
                  | gifted it to you on level 15 of the Dungeon)
 20149 | D:15     | Received a gift from Okawaru
 20391 | D:15     | Identified the ring of Regeil {rElec Str+3 Int+3 Slay+4}
 20409 | D:15     | Identified the +1 pair of gloves of a Labyrinth {rF+ Will+
                  | MP+9}
 20632 | Depths:1 | Entered Level 1 of the Depths
 20650 | Depths:1 | Noticed a vampire knight
 20667 | Depths:1 | Killed a vampire knight
 20877 | Depths:1 | Reached skill level 21 in Axes
 20953 | Depths:1 | HP: 3/130 [salamander/+3 trident (7)]
 20953 | Depths:1 | Slain by a salamander

Illustrated notes

Levels and vault maps discovered:
D:1:      dpeg_arrival_court, layout_basic
D:2:      layout_basic, basic_ecumenical_altar, basic_altar
D:3:      layout_loops_ring
D:4:      minmay_opposing_rooms, layout_basic, mainiacjoe_overflow_catwalk
D:5:      layout_loops_ring, serial_shops, shop, dreamdust_wishing_well,
          uniq_menkaure
D:6:      layout_basic, minmay_temple_entry_trees,
          nicolae_shop_overcharged_wands
D:7:      layout_basic, grunt_ministairs_3, uniq_pikel
D:8:      layout_basic, dpeg_lair_monsters, uniq_amaemon
D:9:      layout_loops_ring, elyvilon_altar_3, mainiacjoe_overflow_alcove_2,
          gammafunk_ghost_hydra_chop, enter_bailey_1, uniq_psyche, uniq_grum,
          uniq_erolcha
D:10:     layout_irregular_city, fedhas_altar_1, mainiacjoe_overflow_two_lobes,
          zombieorc1_lemuel
D:11:     layout_stronghold, trog_ov_bears_minmay
D:12:     layout_gridville
D:13:     evilmike_makhleb_hellhole, layout_gridville,
          chequers_serial_rivers_room_b,
          nicolae_uskayaw_murder_on_the_dancefloor
D:14:     layout_basic, david_vaults_4, chequers_serial_rivers_micro_e,
          minmay_guarded_unrand_staff_of_olgreb
D:15:     grunt_enter_depths_hoard, layout_long_grid,
          gammafunk_ghost_tricky_traps, minmay_fractal_squares_gapless_5
Temple:   compressed_dpeg_triangle_lava_temple
Depths:1: layout_basic, hellmouth_3, chequers_serial_rivers_large_a,
          nicolae_xom_altar_mimics, uniq_nikola

Skill      XL: |  1  2  3  4  5  6  7  8  9 10 11 12 13 14 |
---------------+-------------------------------------------+-----
Axes           | 4 6 7 8 11 13 15 17 19 21 | 21.2
Armour         | 1 3 4 5 6 8 9 11 13 14 | 14.5
Fighting       | 3 4 5 7 9 10 12 13 14 | 14.4
Polearms       | 2 5 7 |  7.5
Evocations     | 1 2 3 4 |  4.2
Dodging        | 4 5 |  5.8
Stealth        | 1 2 3 |  3.5
Ranged Weapons | |  0.6
Throwing       | |  2.7

Action                     |  1- 3 |  4- 6 |  7- 9 | 10-12 | 13-15 || total
---------------------------+-------+-------+-------+-------+-------++-------
  Melee: War axe           |    77 |    34 |       |       |       ||   111
         Headbutt          |     7 |    11 |    29 |    54 |    53 ||   154
         Punch             |     3 |       |       |       |       ||     3
         Glaive            |       |    24 |    70 |       |       ||    94
         Battleaxe         |       |       |    43 |       |       ||    43
         Executioner's axe |       |       |    48 |   256 |   228 ||   532
   Fire: Sling             |       |       |       |     2 |     3 ||     5
  Throw: Throwing net      |       |       |     1 |     1 |       ||     2
         Dart              |       |       |       |     4 |     2 ||     6
         Stone             |       |       |       |       |     4 ||     4
  Evoke: Wand              |       |     7 |     7 |    24 |    18 ||    56
    Use: Scroll            |       |       |    12 |     5 |    13 ||    30
         Potion            |       |       |       |     5 |    13 ||    18
   Stab: Distracted        |       |       |       |     2 |     6 ||     8
         Petrifying        |       |       |       |       |     1 ||     1
 Armour: Leather armour    |     5 |       |       |       |       ||     5
         Ring mail         |     4 |       |       |       |       ||     4
         Chain mail        |    18 |    31 |    87 |       |       ||   136
         Plate armour      |       |       |    15 |   119 |   223 ||   357
  Dodge: Dodged            |    72 |    47 |   165 |   178 |   127 ||   589
